 Dungeon Crawl Stone Soup version 0.24-a0-282-g1a68c91 (webtiles) character file.

Game seed: 16395183270241245633

816 MisterFreud the Slasher (level 7, 0/48 HPs)
             Began as an Octopode Fighter on May 3, 2019.
             Killed from afar by an orc wizard (8 damage)
             ... with a magic dart
             ... on level 5 of the Dungeon.
             The game lasted 00:06:49 (3819 turns).

MisterFreud the Slasher (Octopode Fighter)          Turns: 3819, Time: 00:06:50

Health: 0/48       AC:  1    Str: 15    XL:     7   Next: 94%
Magic:  7/7        EV: 13    Int: 13    God:
Gold:   193        SH:  9    Dex: 11    Spells: 6/6 levels left

rFire    . . .     SeeInvis .   a - +1 long sword
rCold    . . .     Gourm    .   b - +1 shield
rNeg     . . .     Faith    +   (helmet restricted)
rPois    .         Spirit   .   s - amulet of faith
rElec    .         Reflect  .   (no ring)
rCorr    .         Harm     .   (no ring)
MR       .....                  (no ring)
Stlth    ++........             (no ring)
HPRegen  0.16/turn              (no ring)
MPRegen  0.10/turn              (no ring)
                                (no ring)
                                (no ring)

@: no status effects
A: almost no armour, stealthy swim, amphibious, 8 rings, constrict 8, camouflage
1, gelatinous body 1
a: no special abilities


You were on level 5 of the Dungeon.
You were not hungry.

You visited 1 branch of the dungeon, and saw 5 of its levels.

You collected 193 gold pieces.

Inventory:

Hand Weapons
 a - a +1 long sword (weapon)
Missiles
 e - 135 sling bullets
 g - 3 tomahawks
 i - 166 stones (quivered)
 j - 13 poisoned needles
 p - 49 bolts
 v - 97 arrows
Armour
 b - a +1 shield (worn)
Jewellery
 s - an amulet of faith (around mantle)
 w - an uncursed amulet of regeneration {unknown}
Wands
 o - a wand of enslavement (10)
 y - a wand of flame (21)
Scrolls
 f - a scroll of enchant weapon
 n - a scroll of amnesia
 x - a scroll of blinking
Potions
 c - 2 potions of might
 h - a potion of mutation
 k - 3 potions of curing
 l - a potion of degeneration {unknown}
 m - a potion of agility {unknown}
 q - a potion of lignification {unknown}
 r - 2 potions of heal wounds
 t - 4 potions of cancellation {unknown}
 u - 2 potions of flight
Comestibles
 d - 5 rations
 z - 3 chunks of flesh


   Skills:
 + Level 4.0 Fighting
 + Level 6.6 Long Blades
 - Level 6.0 Dodging
 - Level 3.0 Shields


You had 6 spell levels left.
You didn't know any spells.
Your spell library contained the following spells:

 Spells                   Type           Power        Failure   Level  Hunger
 Animate Skeleton         Necr           N/A          82%         1    ##.....


Dungeon Overview and Level Annotations

Branches:
Dungeon (5/15)
 Temple: D:4-7

Altars:
Ru
Sif Muna
Trog

Annotations:
D:4 3 runed translucent doors, Phong's ghost, weakling FoAK
D:5 Menkaure


Innate Abilities, Weirdness & Mutations

You cannot wear most types of armour.
You are very stealthy in the water. (Stealth+)
You are amphibious.
You can wear up to eight rings at the same time.
You can use your tentacles to constrict eight enemies at once.
Your skin changes colour to match your surroundings (Stealth+).
Your rubbery body absorbs attacks. (AC +1, EV +1)


Message History

The orc wizard struggles to blink free from constriction.
The orc wizard barely misses you.
The orc wizard gestures wildly while chanting.
The orc wizard blinks free!
Something hits you. You block the orc wizard's attack.
You hit something. Your squeeze misses something.
The orc wizard mumbles some strange words.
The orc wizard blinks!
The orc closely misses you.
You hear some strange, mumbled words.
A magic dart appears from out of thin air!
The magic dart hits you. The orc wizard barely misses you.
Menkaure calls on the powers of darkness!
The orc convulses!
Your body is wracked with pain!
* * * LOW HITPOINT WARNING * * *
You hit something. The orc closely misses you. Something hits you.
* * * LOW HITPOINT WARNING * * *
You block the orc's attack. The orc wizard casts a spell at you.
The magic dart hits you!
You die...

...##.........
....#.$.....###
#............#.
##...........o.
#.............###
.......<...ยง....##
......[[.........###
.........M.!.......##
...M##....###o@5....#
... ........{oo.#..#
.. ............## .
.....##...###
.....####... ###o ..
.. ...


You could see Menkaure, 2 orc wizards, a crimson imp and 2 orcs.

Vanquished Creatures
  An ogre (D:4)
  A phantom (D:4)
  Blork the orc (D:4)
  A scorpion (D:4)
  A hound (D:4)
  2 orc priests (D:3)
  Crazy Yiuf (D:4)
  5 orc wizards
  2 iguanas
  3 gnolls (D:4)
  6 adders
  A shadow imp (D:4)
  3 oozes
  6 worms
  3 leopard geckos
  13 orcs
  4 ball pythons
  9 bats
  4 giant cockroaches
  4 goblins
  9 hobgoblins
  8 jackals
  2 quokkas
  4 frilled lizards
  10 kobolds
  A quokka skeleton (D:4)
  13 rats
118 creatures vanquished.

Notes
Turn   | Place    | Note
-------+----------+-------------------------------------------
     0 | D:1      | MisterFreud the Octopode Fighter began the quest for the
                  | Orb.
     0 | D:1      | Reached XP level 1. HP: 16/16 MP: 1/1
    73 | D:1      | Reached XP level 2. HP: 12/21 MP: 2/2
   527 | D:1      | Reached XP level 3. HP: 26/26 MP: 3/3
   934 | D:2      | Found a sacrificial altar of Ru.
  1084 | D:2      | Reached XP level 4. HP: 23/31 MP: 4/4
  1605 | D:3      | Reached skill level 5 in Long Blades
  1640 | D:3      | Reached XP level 5. HP: 36/36 MP: 5/5
  1807 | D:3      | Reached XP level 6. HP: 24/42 MP: 6/6
  2263 | D:3      | Found a deep blue altar of Sif Muna.
  2279 | D:3      | Identified Sif Muna's Catalogue of Darkness
  2514 | D:4      | Reached skill level 5 in Dodging
  2542 | D:4      | Reached XP level 7. HP: 32/46 MP: 7/7
  3284 | D:4      | Noticed a moth of wrath
  3286 | D:4      | Found a bloodstained altar of Trog.
  3343 | D:4      | Found a runed translucent gate.
  3343 | D:4      | Found a runed translucent gate.
  3343 | D:4      | Found a runed translucent gate.
  3348 | D:4      | Noticed Phong's ghost (weakling FoAK)
  3664 | D:4      | Found a runed translucent door.
  3665 | D:4      | Noticed Crazy Yiuf
  3672 | D:4      | Killed Crazy Yiuf
  3721 | D:4      | Noticed Blork the orc
  3730 | D:4      | Killed Blork the orc
  3787 | D:5      | Entered Level 5 of the Dungeon
  3789 | D:5      | Noticed Menkaure
  3819 | D:5      | Killed from afar by an orc wizard

Levels and vault maps discovered:
D:1:      roderic_dead_forest, layout_basic, st_stairs_14
D:2:      minmay_diamond_boxcup, layout_rooms, nicolae_ru_awakened_eye,
          first_ration, kennysheep_generic_room_12
D:3:      cheibrodos_pilgrimage, layout_loops_ring, led_sif_book,
          kennysheep_generic_room_3
D:4:      layout_loops_ring, gammafunk_ghost_necromancy, chequers_jeans,
          tgw_trog, uniq_crazy_yiuf_cottage, uniq_blork_the_orc
D:5:      layout_cave_pools, minmay_temple_entry_overgrown, serial_shops,
          shop_statue, serial_column_ruins, column_ruins_open_small,
          column_ruins_open_tiny, column_ruins_corridor_corner,
          column_ruins_grid_1, column_ruins_grid_1,
          cheibrodos_sewer_entry_sluice, minmay_between, uniq_eustachio,
          uniq_pikel, uniq_menkaure

Skill      XL: |  1  2  3  4  5  6  7 |
---------------+----------------------+-----
Long Blades    | 3 4 5 6 |  6.6
Dodging        | 5 6 |  6.0
Fighting       | 4 |  4.0
Shields        | |  3.0

Action                   |  1- 3 |  4- 6 |  7- 9 || total
-------------------------+-------+-------+-------++-------
Melee: Long sword        |    78 |   104 |    69 ||   251
       Constrict         |    23 |    38 |    15 ||    76
       Tentacles         |     8 |    29 |    15 ||    52
  Use: Scroll            |       |     7 |     2 ||     9
       Potion            |       |     1 |       ||     1
 Stab: Sleeping          |    14 |     1 |     3 ||    18
  Eat: Chunk             |     1 |     4 |     5 ||    10
Armor: Skin              |     2 |     8 |     2 ||    12
Dodge: Dodged            |    43 |    52 |    22 ||   117
Block: Shield            |    23 |    42 |    17 ||    82
       Rpst.: Long sword |     9 |    17 |     7 ||    33

Table legend:
 A = Non-vault XP
 B = Vault XP
 C = Vault XP percentage of total XP
 D = Non-vault monster count
 E = Vault monster count
 F = Vault count percentage of total count
                 A         B        C        D         E       F
            +---------+---------+-------+---------+---------+-------
      Total |     781 |     385 |  33.0 |      92 |      26 |  22.0
            +---------+---------+-------+---------+---------+-------
        D:1 |      51 |       1 |   1.9 |      28 |       1 |   3.4
        D:2 |      62 |      14 |  18.4 |      16 |       9 |  36.0
        D:3 |     149 |     224 |  60.1 |      30 |       9 |  23.1
        D:4 |     513 |     146 |  22.2 |      16 |       7 |  30.4
        D:5 |       6 |       0 |   0.0 |       2 |       0 |   0.0
            +---------+---------+-------+---------+---------+-------
